[Event "Hunan Belt and Road Open 2019"]
[Site "Hunan"]
[Date "2019.07.31"]
[Round "3.9"]
[White "Li, Di"]
[Black "Zhao, Jun"]
[Result "1/2-1/2"]
[ECO "E90"]
[WhiteElo "2523"]
[BlackElo "2636"]
[Annotator "RC"]
[PlyCount "47"]
[EventDate "2019.07.29"]
[EventType "swiss"]
[EventCountry "CHN"]
[SourceTitle "playchess.com"]
[Source "ChessBase"]
[SourceQuality "1"]
[TimeControl "5400+30"]

1. d4 Nf6 2. c4 g6 3. Nc3 Bg7 4. e4 d6 5. h3 O-O 6. Be3 a6 7. Nf3 c6 8. c5 Nbd7 9. Qc2 b5 10. Be2 dxc5 11. dxc5 e5 12. O-O Nh5 13. a4 Bb7 14. Rfd1 Qc7 15. g3 Rfd8 16. axb5 axb5 17. Rxa8 Rxa8 18. b4 Nf8 19. Rd6 Nf6 20. Kh2 Ne8 21. Rd1 Ne6 22. Bf1 h5 23. Bg2 Rd8 24. Ra1 1/2-1/2

[Event "Hunan Belt and Road Open 2019"]
[Site "Hunan"]
[Date "2019.07.31"]
[Round "3.10"]
[White "Sethuraman, S.P."]
[Black "Batchuluun, Tsegmed"]
[Result "1/2-1/2"]
[ECO "D41"]
[WhiteElo "2630"]
[BlackElo "2535"]
[Annotator "RC"]
[PlyCount "51"]
[EventDate "2019.07.29"]
[EventType "swiss"]
[EventCountry "CHN"]
[SourceTitle "playchess.com"]
[Source "ChessBase"]
[SourceQuality "1"]
[TimeControl "5400+30"]

1. d4 Nf6 2. c4 e6 3. Nf3 d5 4. Nc3 c5 5. cxd5 Nxd5 6. e4 Nxc3 7. bxc3 cxd4 8. cxd4 Bb4+ 9. Bd2 Bxd2+ 10. Qxd2 O-O 11. Bc4 Nd7 12. O-O b6 13. Rad1 Bb7 14. Rfe1 Rc8 15. Bb3 Qf6 16. h3 Rfe8 17. Re3 h6 18. Qe2 Qf4 19. e5 Red8 20. g3 Qf5 21. g4 Qg6 22. Ne1 Qg5 23. Ng2 Bxg2 24. Kxg2 Nf8 25. Qf3 Ng6 26. Kf1 1/2-1/2

[Event "Hunan Belt and Road Open 2019"]
[Site "Hunan"]
[Date "2019.07.31"]
[Round "3.23"]
[White "Megaranto, Susanto"]
[Black "Fang, Yan"]
[Result "1-0"]
[ECO "D64"]
[WhiteElo "2545"]
[BlackElo "2424"]
[Annotator "ChessBase"]
[PlyCount "67"]
[EventDate "2019.07.29"]
[EventType "swiss"]
[EventCountry "CHN"]
[SourceTitle "playchess.com"]
[Source "ChessBase"]
[SourceQuality "1"]
[TimeControl "5400+30"]

1. Nf3 d5 2. d4 e6 3. c4 Nf6 4. Nc3 Be7 5. Bg5 O-O 6. e3 Nbd7 7. Rc1 c6 8. Qc2 a6 9. a4 b6 10. cxd5 cxd5 11. Bd3 Bb7 12. O-O h6 13. Bf4 Nh5 14. Be5 Nhf6 15. Bf4 Nh5 16. h3 Nxf4 17. exf4 Bd6 18. Qd2 Re8 19. Ne5 f6 20. Nf3 g5 21. Ne2 Qe7 22. Nh2 Qg7 23. f5 Nf8 24. Ng4 exf5 25. Bxf5 Ng6 26. Ng3 Nf4 27. Bd7 Rf8 28. Bc6 f5 29. Ne3 Bxc6 30. Rxc6 Qd7 31. Qc2 Rf6 32. Ngxf5 Raf8 33. Nxd6 Rxd6 34. Rc7 1-0

[Event "Hunan Belt and Road Open 2019"]
[Site "Hunan"]
[Date "2019.07.31"]
[Round "3.25"]
[White "Tan, Zhongyi"]
[Black "Zhao, Chenxi"]
[Result "*"]
[ECO "D16"]
[WhiteElo "2511"]
[BlackElo "2400"]
[Annotator "ChessBase"]
[PlyCount "34"]
[EventDate "2019.07.29"]
[EventType "swiss"]
[EventCountry "CHN"]
[SourceTitle "playchess.com"]
[Source "ChessBase"]
[SourceQuality "1"]
[TimeControl "5400+30"]

1. d4 Nf6 2. c4 c6 3. Nf3 d5 4. Nc3 dxc4 5. a4 Bg4 6. Ne5 Bh5 7. f3 Nbd7 8. Nxc4 e6 9. e4 Bb4 10. Be2 O-O 11. O-O Nb6 12. Ne3 a5 13. Nc2 Qc7 14. Be3 Rfd8 15. Qe1 Be7 16. Qf2 Bg6 17. Rac1 Nbd7 *

[Event "Hunan Belt and Road Open 2019"]
[Site "Hunan"]
[Date "2019.07.31"]
[Round "3.28"]
[White "Li, Yankai"]
[Black "Radovanovic, Mihajlo"]
[Result "1-0"]
[ECO "E73"]
[WhiteElo "2439"]
[BlackElo "2500"]
[Annotator "ChessBase"]
[PlyCount "121"]
[EventDate "2019.07.29"]
[EventType "swiss"]
[EventCountry "CHN"]
[SourceTitle "playchess.com"]
[Source "ChessBase"]
[SourceQuality "1"]
[TimeControl "5400+30"]

1. d4 Nf6 2. c4 g6 3. Nc3 Bg7 4. e4 d6 5. Be2 O-O 6. Bg5 Na6 7. Qd2 Qe8 8. Bd1 Qc6 9. Qe2 h6 10. Bd2 e5 11. d5 Qe8 12. f3 Nh5 13. Be3 f5 14. Qd2 Qe7 15. g3 Bd7 16. a3 c6 17. b4 c5 18. b5 Nc7 19. Bxh6 f4 20. Bxg7 Kxg7 21. g4 Qh4+ 22. Qf2 Ng3 23. h3 Rh8 24. Rh2 b6 25. a4 a6 26. Rb1 axb5 27. cxb5 Ne8 28. Rg2 Nf6 29. Bc2 Qg5 30. Kd1 Rh6 31. Nce2 Nxe2 32. Kxe2 Nh7 33. Rh2 Rh4 34. Kd3 Qh6 35. Kc4 Ng5 36. Qg2 Nf7 37. Ne2 Nd8 38. Nc1 Nb7 39. Nd3 Rh8 40. Rbh1 Qg5 41. Nb2 Qd8 42. Kc3 c4 43. Nxc4 Qc7 44. Rb1 Na5 45. Rb4 Qc5 46. Bd3 Qd4+ 47. Kc2 Rc8 48. Qf1 Rhh8 49. Kb1 Qc3 50. Rhb2 Nxc4 51. Rxc4 Rxc4 52. Bxc4 Rc8 53. Bb3 Qe3 54. Qf2 Qc1+ 55. Ka2 Bxb5 56. Qxb6 Bd3 57. Qxd6 Qc3 58. Qe7+ Kg8 59. Qe6+ Kg7 60. d6 Rb8 61. d7 1-0

[Event "Hunan Belt and Road Open 2019"]
[Site "Hunan"]
[Date "2019.07.31"]
[Round "3.33"]
[White "Zhu, Jiner"]
[Black "Chen, Qi b"]
[Result "1/2-1/2"]
[ECO "C54"]
[WhiteElo "2454"]
[BlackElo "2414"]
[Annotator "ChessBase"]
[PlyCount "95"]
[EventDate "2019.07.29"]
[EventType "swiss"]
[EventCountry "CHN"]
[SourceTitle "playchess.com"]
[Source "ChessBase"]
[SourceQuality "1"]
[TimeControl "5400+30"]

1. e4 e5 2. Nf3 Nc6 3. Bc4 Bc5 4. O-O Nf6 5. d3 d6 6. c3 O-O 7. Bb3 a5 8. Nbd2 h6 9. h3 Be6 10. Bc2 Re8 11. Re1 Qb8 12. Nh4 Qd8 13. Nhf3 Qb8 14. Nf1 Qa7 15. Qe2 Rad8 16. Ng3 d5 17. Nh4 dxe4 18. dxe4 Kh7 19. Nhf5 Ne7 20. Qf3 Neg8 21. b3 Rd7 22. Nf1 Red8 23. g4 Ne8 24. g5 g6 25. Nxh6 Nxh6 26. gxh6 Bf8 27. Be3 Bc5 28. Bc1 Bf8 29. Qg3 Qc5 30. Nh2 Nf6 31. Nf3 Bxh6 32. Nxe5 Re7 33. Bxh6 Kxh6 34. Rad1 Rxd1 35. Rxd1 Nh5 36. Qh4 g5 37. Ng4+ Bxg4 38. Qxg4 Qxc3 39. h4 gxh4 40. Rd8 Qg7 41. Rg8 Qxg4+ 42. Rxg4 Re6 43. Rxh4 Kg5 44. Rh3 Nf4 45. Rg3+ Kf6 46. Kf1 Rc6 47. Bd1 Rc1 48. Ke1 1/2-1/2

[Event "Hunan Belt and Road Open 2019"]
[Site "Hunan"]
[Date "2019.07.31"]
[Round "3.34"]
[White "Xiang, Zeyu"]
[Black "Lin, Weiguo"]
[Result "1/2-1/2"]
[ECO "D13"]
[WhiteElo "2447"]
[BlackElo "2408"]
[Annotator "NA"]
[PlyCount "41"]
[EventDate "2019.07.29"]
[EventType "swiss"]
[EventCountry "CHN"]
[SourceTitle "playchess.com"]
[Source "ChessBase"]
[SourceQuality "1"]
[TimeControl "5400+30"]

1. d4 d5 2. c4 c6 3. cxd5 cxd5 4. Bf4 Nc6 5. e3 Nf6 6. Nc3 e6 7. Bd3 Bd6 8. Nf3 Bxf4 9. exf4 O-O 10. O-O Qb6 11. Na4 Qc7 12. Ne5 Nxd4 13. Bxh7+ Nxh7 14. Qxd4 f6 15. Nd3 Rd8 16. Rac1 Qd6 17. Nc3 Nf8 18. Rfd1 Bd7 19. f5 Bc6 20. fxe6 Nxe6 21. Qg4 1/2-1/2

[Event "Hunan Belt and Road Open 2019"]
[Site "Hunan"]
[Date "2019.07.31"]
[Round "3.36"]
[White "Munkhgal, Gombosuren"]
[Black "Liu, Guanchu"]
[Result "1/2-1/2"]
[ECO "E32"]
[WhiteElo "2442"]
[BlackElo "2449"]
[Annotator "NA"]
[PlyCount "50"]
[EventDate "2019.07.29"]
[EventType "swiss"]
[EventCountry "CHN"]
[SourceTitle "playchess.com"]
[Source "ChessBase"]
[SourceQuality "1"]
[TimeControl "5400+30"]

1. d4 e6 2. c4 Nf6 3. Nc3 Bb4 4. Qc2 O-O 5. e4 d5 6. e5 Ne4 7. Bd3 c5 8. Nf3 cxd4 9. Nxd4 Nd7 10. Bf4 Qh4 11. g3 Qh5 12. h4 Nxe5 13. Be2 Ng4 14. Bxg4 Qxg4 15. f3 Qh5 16. g4 Qg6 17. fxe4 e5 18. Bxe5 Bxg4 19. exd5 Rae8 20. Qxg6 Rxe5+ 21. Kd2 fxg6 22. Raf1 Rc8 23. Rf4 h5 24. Kd3 Bxc3 25. bxc3 g5 1/2-1/2